[Event "Hungarian Rapid-ch 2022"]
[Site "Ajka"]
[Date "2022.07.15"]
[Round "4.19"]
[White "Emodi, Barnabas"]
[Black "Gaal, Zsoka"]
[Result "1-0"]
[ECO "D05"]
[WhiteElo "2341"]
[BlackElo "2313"]
[Annotator "ChessBase"]
[PlyCount "95"]
[EventDate "2022.07.15"]
[EventType "swiss"]
[EventCountry "HUN"]
[SourceTitle "playchess.com"]
[Source "ChessBase"]
[SourceQuality "1"]
[TimeControl "900+10"]

1. d4 Nf6 2. Nf3 d5 3. e3 e6 4. c4 a6 5. b3 Be7 6. Bd3 O-O 7. O-O dxc4 8. bxc4 c5 9. Bb2 Nc6 10. Nbd2 b6 11. Qe2 Bb7 12. Rad1 Qc7 13. Ne5 Rfd8 14. Ndf3 h6 15. h3 Rac8 16. Rfe1 Ba8 17. Nxc6 Qxc6 18. d5 exd5 19. cxd5 Rxd5 20. Bxa6 Rcd8 21. Bc4 Rxd1 22. Bxf7+ Kf8 23. Rxd1 Rxd1+ 24. Qxd1 Qb5 25. Bb3 c4 26. Bxf6 gxf6 27. Bc2 Qd5 28. Qxd5 Bxd5 29. Nd4 Bc5 30. Kf1 c3 31. a4 Bc4+ 32. Ke1 Bxd4 33. exd4 Kf7 34. Kd1 Ke6 35. Be4 f5 36. Bc2 f4 37. Be4 Bb3+ 38. Ke2 Bc4+ 39. Kd1 Bb3+ 40. Ke2 Bxa4 41. Kd3 c2 42. Kd2 h5 43. g3 fxg3 44. fxg3 b5 45. Bxc2 Kd5 46. Bxa4 bxa4 47. Kc3 a3 48. h4 1-0

[Event "Hungarian Rapid-ch 2022"]
[Site "Ajka"]
[Date "2022.07.15"]
[Round "4.20"]
[White "Krstulovic, Alex"]
[Black "Tubak, Daniel"]
[Result "1-0"]
[ECO "D37"]
[WhiteElo "2413"]
[BlackElo "2182"]
[Annotator "ChessBase"]
[PlyCount "81"]
[EventDate "2022.07.15"]
[EventType "swiss"]
[EventCountry "HUN"]
[SourceTitle "playchess.com"]
[Source "ChessBase"]
[SourceQuality "1"]
[TimeControl "900+10"]

1. d4 Nf6 2. c4 e6 3. Nf3 d5 4. Nc3 dxc4 5. e4 Bb4 6. Bxc4 Nxe4 7. O-O Nxc3 8. bxc3 Be7 9. Ne5 O-O 10. Re1 Nd7 11. Nxf7 Rxf7 12. Bxe6 Nf6 13. Bxf7+ Kxf7 14. Bg5 Kg8 15. Qb3+ Kf8 16. Re3 Bd6 17. Rae1 Bd7 18. Qxb7 Rb8 19. Bxf6 gxf6 20. Qxa7 Rb2 21. d5 Kf7 22. c4 Qb8 23. Qd4 Rb4 24. Qh4 Qg8 25. Qh5+ Qg6 26. Qe2 Kg8 27. Rb3 Qh6 28. g3 Ra4 29. Rb8+ Kf7 30. Rd8 Qh3 31. c5 Bxc5 32. Qc2 Rh4 33. Rxd7+ Qxd7 34. Qxc5 Ra4 35. Qc2 Kg8 36. Re7 Qxe7 37. Qxa4 Qe5 38. Qg4+ Kf8 39. Qc8+ Kg7 40. Qd7+ Kh8 41. Qe6 1-0

[Event "Hungarian Rapid-ch 2022"]
[Site "Ajka"]
[Date "2022.07.15"]
[Round "4.21"]
[White "Papp, Bence"]
[Black "Lazarne Vajda, Szidonia"]
[Result "0-1"]
[ECO "D16"]
[WhiteElo "2244"]
[BlackElo "2313"]
[Annotator "ChessBase"]
[PlyCount "138"]
[EventDate "2022.07.15"]
[EventType "swiss"]
[EventCountry "HUN"]
[SourceTitle "playchess.com"]
[Source "ChessBase"]
[SourceQuality "1"]
[TimeControl "900+10"]

1. d4 d5 2. c4 c6 3. Nc3 Nf6 4. Nf3 dxc4 5. a4 e6 6. e3 c5 7. Bxc4 cxd4 8. exd4 Be7 9. O-O Nc6 10. Be3 O-O 11. Qe2 Nb4 12. Ne5 Bd7 13. a5 a6 14. Bg5 Rc8 15. Bb3 Be8 16. Rfd1 Bc6 17. Na4 Bxa4 18. Rxa4 Nfd5 19. Bd2 Nc6 20. Rc4 Ncb4 21. Rxc8 Qxc8 22. Qf3 Qd8 23. Ra1 Bd6 24. Ra4 Bxe5 25. dxe5 Nc6 26. Qg3 Kh8 27. Rg4 Nde7 28. Bg5 Qxa5 29. h3 Nf5 30. Qf4 Qxe5 31. Qd2 Ncd4 32. Bd1 f6 33. Bf4 Qd5 34. Qb4 Rd8 35. Kh2 Nc6 36. Qxb7 Ne5 37. Qxd5 Nxg4+ 38. hxg4 Rxd5 39. Bf3 Ne7 40. Bxd5 Nxd5 41. Bd2 Kg8 42. Kg3 Kf7 43. f4 Ke7 44. Kf3 Kd6 45. Ke4 g6 46. f5 Ne7 47. Bb4+ Kd7 48. fxe6+ Kxe6 49. Bd2 Nc6 50. Bc3 h6 51. Bd2 g5 52. Kf3 Ne5+ 53. Kg3 Kd5 54. Bb4 Nd3 55. Bc3 Ne5 56. Bb4 Ke4 57. Bf8 Nf7 58. Be7 f5 59. gxf5 Kxf5 60. Kf3 h5 61. Bb4 Ne5+ 62. Ke3 Nc4+ 63. Kf3 Nxb2 64. Ke3 Nc4+ 65. Kd4 Ne5 66. Bd6 Ng6 67. Bc7 Kg4 68. Ke4 Nh4 69. g3 Nf5 0-1

[Event "Hungarian Rapid-ch 2022"]
[Site "Ajka"]
[Date "2022.07.15"]
[Round "4.22"]
[White "Slezak, Robert"]
[Black "Egresi, Mate"]
[Result "0-1"]
[ECO "B07"]
[WhiteElo "2068"]
[BlackElo "2376"]
[Annotator "ChessBase"]
[PlyCount "54"]
[EventDate "2022.07.15"]
[EventType "swiss"]
[EventCountry "HUN"]
[SourceTitle "playchess.com"]
[Source "ChessBase"]
[SourceQuality "1"]
[TimeControl "900+10"]

1. e4 d6 2. d4 Nf6 3. Nc3 e5 4. dxe5 dxe5 5. Qxd8+ Kxd8 6. f3 c6 7. Be3 Be6 8. O-O-O+ Nbd7 9. g4 h6 10. h4 Kc7 11. a3 b5 12. Rh2 Bc5 13. Bxc5 Nxc5 14. Rhd2 a5 15. Nge2 b4 16. Nb1 Ncxe4 17. fxe4 Nxe4 18. g5 hxg5 19. hxg5 Rh5 20. Rd3 Nf2 21. Rg3 Nxd1 22. Kxd1 Rd8+ 23. Kc1 Rh1 24. Ng1 f5 25. gxf6 gxf6 26. axb4 axb4 27. Be2 Rg8 0-1

[Event "Hungarian Rapid-ch 2022"]
[Site "Ajka"]
[Date "2022.07.15"]
[Round "4.23"]
[White "Nemeth, Zsolt"]
[Black "Martini, Balazs"]
[Result "1/2-1/2"]
[ECO "B30"]
[WhiteElo "1980"]
[BlackElo "2348"]
[Annotator "ChessBase"]
[PlyCount "47"]
[EventDate "2022.07.15"]
[EventType "swiss"]
[EventCountry "HUN"]
[SourceTitle "playchess.com"]
[Source "ChessBase"]
[SourceQuality "1"]
[TimeControl "900+10"]

1. e4 c5 2. Nf3 Nc6 3. Bb5 e6 4. Bxc6 bxc6 5. b3 Ne7 6. Bb2 Ng6 7. d3 f6 8. e5 fxe5 9. Nxe5 Nxe5 10. Bxe5 Qg5 11. Bg3 Be7 12. Nd2 O-O 13. O-O Qf5 14. Qe2 d5 15. Rae1 Bd7 16. Nf3 Qh5 17. Ne5 Qxe2 18. Rxe2 Be8 19. Nf3 Bf7 20. Ne5 Be8 21. Nf3 Bf7 22. Ne5 Be8 23. Nxc6 Bxc6 24. Rxe6 1/2-1/2

[Event "Hungarian Rapid-ch 2022"]
[Site "Ajka"]
[Date "2022.07.15"]
[Round "4.24"]
[White "Fabian Nagy, Sandor"]
[Black "Kiss, Pal"]
[Result "1-0"]
[ECO "B34"]
[WhiteElo "1955"]
[BlackElo "2243"]
[Annotator "ChessBase"]
[PlyCount "108"]
[EventDate "2022.07.15"]
[EventType "swiss"]
[EventCountry "HUN"]
[SourceTitle "playchess.com"]
[Source "ChessBase"]
[SourceQuality "1"]
[TimeControl "900+10"]

1. e4 c5 2. Nf3 Nc6 3. d4 cxd4 4. Nxd4 Nf6 5. Nc3 e5 6. Nb3 Bb4 7. Bd3 d5 8. exd5 Nxd5 9. Bd2 Bxc3 10. bxc3 O-O 11. O-O f5 12. f3 Qb6+ 13. Kh1 Ne3 14. Bxe3 Qxe3 15. Re1 Qb6 16. Bc4+ Kh8 17. Qd6 Rf6 18. Qd2 Be6 19. Bxe6 Rxe6 20. Rad1 Rae8 21. Qd5 Qc7 22. Nc5 R6e7 23. Qd6 b6 24. Qxc7 Rxc7 25. Nd7 h6 26. Rd6 e4 27. f4 Rd8 28. Rxc6 Rxc6 29. Ne5 Rc7 30. g4 fxg4 31. Rxe4 Kg8 32. c4 b5 33. Kg2 Re8 34. Kg3 bxc4 35. Kxg4 c3 36. Rd4 Rce7 37. Kf5 Rf8+ 38. Kg4 Kh7 39. h4 g6 40. Rc4 h5+ 41. Kg3 Rd8 42. Rxc3 Rd2 43. Rc6 Rg7 44. a4 a5 45. c4 Ra2 46. c5 Ra3+ 47. Kg2 Rb7 48. Rxg6 Rb2+ 49. Kh1 Rxa4 50. c6 Rc2 51. Rg5 Ra1+ 52. Rg1 Rxg1+ 53. Kxg1 a4 54. f5 a3 1-0

[Event "Hungarian Rapid-ch 2022"]
[Site "Ajka"]
[Date "2022.07.15"]
[Round "4.25"]
[White "Kovacs, Klara"]
[Black "Juhasz, Zoltan"]
[Result "1-0"]
[ECO "A46"]
[WhiteElo "2098"]
[BlackElo "1985"]
[Annotator "ChessBase"]
[PlyCount "27"]
[EventDate "2022.07.15"]
[EventType "swiss"]
[EventCountry "HUN"]
[SourceTitle "playchess.com"]
[Source "ChessBase"]
[SourceQuality "1"]
[TimeControl "900+10"]

1. d4 Nf6 2. Nf3 d6 3. Nc3 Nbd7 4. e4 e5 5. Bc4 h6 6. dxe5 dxe5 7. Bxf7+ Kxf7 8. Nxe5+ Ke8 9. Ng6 Rg8 10. e5 Nh7 11. Qh5 Bb4 12. Bxh6 Bxc3+ 13. bxc3 gxh6 14. Nh8+ 1-0

[Event "Hungarian Rapid-ch 2022"]
[Site "Ajka"]
[Date "2022.07.15"]
[Round "4.26"]
[White "Benedek, Istvan"]
[Black "Udvardi, Zalan"]
[Result "0-1"]
[ECO "B21"]
[WhiteElo "2059"]
[BlackElo "2310"]
[Annotator "ChessBase"]
[PlyCount "53"]
[EventDate "2022.07.15"]
[EventType "swiss"]
[EventCountry "HUN"]
[SourceTitle "playchess.com"]
[Source "ChessBase"]
[SourceQuality "1"]
[TimeControl "900+10"]

1. e4 c5 2. d4 cxd4 3. c3 Nf6 4. e5 Nd5 5. Nf3 d6 6. cxd4 Nc6 7. Bc4 dxe5 8. dxe5 Be6 9. Qe2 g6 10. O-O Bg7 11. Ng5 Nxe5 12. Nxe6 fxe6 13. Bb5+ Kf7 14. f4 Qb6+ 15. Kh1 Nc6 16. Bxc6 Qxc6 17. Nd2 Rhf8 18. Nf3 Kg8 19. Ng5 e5 20. fxe5 Rxf1+ 21. Qxf1 Rf8 22. Nf3 Bxe5 23. Bh6 Rf5 24. Nxe5 Rxf1+ 25. Rxf1 Qe8 26. Nd7 Nf6 27. Rxf6 0-1

[Event "Hungarian Rapid-ch 2022"]
[Site "Ajka"]
[Date "2022.07.15"]
[Round "4.27"]
[White "Nemeth, Zoltan"]
[Black "Molnar, Aurel Jr."]
[Result "0-1"]
[ECO "D71"]
[WhiteElo "2242"]
[BlackElo "2014"]
[Annotator "ChessBase"]
[PlyCount "44"]
[EventDate "2022.07.15"]
[EventType "swiss"]
[EventCountry "HUN"]
[SourceTitle "playchess.com"]
[Source "ChessBase"]
[SourceQuality "1"]
[TimeControl "900+10"]

1. d4 Nf6 2. c4 g6 3. g3 c6 4. Bg2 d5 5. cxd5 cxd5 6. Nf3 Bg7 7. Ne5 O-O 8. Nc3 Nc6 9. Nxc6 bxc6 10. O-O Nd7 11. b3 e5 12. dxe5 Nxe5 13. Ba3 Re8 14. Rc1 Bg4 15. h3 Be6 16. Na4 Rc8 17. Bc5 Qa5 18. Bd4 h5 19. Rc5 Qa6 20. Qa1 Qxe2 21. Re1 Nf3+ 22. Bxf3 Qxf3 0-1

[Event "Hungarian Rapid-ch 2022"]
[Site "Ajka"]
[Date "2022.07.15"]
[Round "4.28"]
[White "Majoros, Rozsa Evelin"]
[Black "Balint, Vilmos"]
[Result "0-1"]
[ECO "C08"]
[WhiteElo "2059"]
[BlackElo "2283"]
[Annotator "ChessBase"]
[PlyCount "100"]
[EventDate "2022.07.15"]
[EventType "swiss"]
[EventCountry "HUN"]
[SourceTitle "playchess.com"]
[Source "ChessBase"]
[SourceQuality "1"]
[TimeControl "900+10"]

1. e4 e6 2. d4 d5 3. Nd2 c5 4. exd5 exd5 5. c3 cxd4 6. cxd4 Nc6 7. Ngf3 Bg4 8. h3 Bf5 9. Bb5 Qb6 10. Qe2+ Be7 11. O-O a6 12. Bd3 Bxd3 13. Qxd3 Nf6 14. Nb3 O-O 15. Bf4 Nb4 16. Qe2 Rfe8 17. Ne5 Rac8 18. Qd1 Ne4 19. Qh5 g6 20. Qf3 Rc2 21. Bd2 f6 22. Bxb4 Bxb4 23. Nd3 Bd6 24. Rac1 Rc4 25. Nbc5 Rxd4 26. Nd7 Qd8 27. N3c5 Kg7 28. Rfe1 Nxc5 29. Rxe8 Qxd7 30. Qe3 Re4 31. Rxe4 Nxe4 32. Rd1 Bc5 33. Qxe4 d4 34. b4 Ba7 35. Qf4 Bb6 36. Qe4 h5 37. a4 Qxa4 38. Qxb7+ Kh6 39. Rb1 Qc2 40. Ra1 Qb2 41. Qxa6 d3 42. Rd1 Qxf2+ 43. Kh1 Qe2 44. Qxd3 Qe5 45. Qd6 Qb5 46. Qxf6 Qxb4 47. Rd6 Qe1+ 48. Kh2 Bg1+ 49. Kh1 Bf2+ 50. Kh2 Qg1# 0-1

[Event "Hungarian Rapid-ch 2022"]
[Site "Ajka"]
[Date "2022.07.15"]
[Round "4.29"]
[White "Szelenyi, Norbert"]
[Black "Ats, Laszlo Gyorgy"]
[Result "1/2-1/2"]
[ECO "A07"]
[WhiteElo "2277"]
[BlackElo "1923"]
[Annotator "ChessBase"]
[PlyCount "52"]
[EventDate "2022.07.15"]
[EventType "swiss"]
[EventCountry "HUN"]
[SourceTitle "playchess.com"]
[Source "ChessBase"]
[SourceQuality "1"]
[TimeControl "900+10"]

1. g3 d5 2. Nf3 Nf6 3. Bg2 c6 4. O-O Bg4 5. c4 e6 6. cxd5 exd5 7. d3 Be7 8. h3 Bh5 9. Qb3 Qb6 10. Qc2 Nbd7 11. Nc3 O-O 12. e4 dxe4 13. dxe4 Rad8 14. Be3 Qa5 15. a3 h6 16. b4 Qc7 17. Nd5 Nxd5 18. exd5 c5 19. bxc5 Bxc5 20. Nh4 f6 21. Rac1 b6 22. a4 Qb8 23. Bf4 Qb7 24. Nf5 Ne5 25. g4 Be8 26. Rfd1 Qd7 1/2-1/2

[Event "Hungarian Rapid-ch 2022"]
[Site "Ajka"]
[Date "2022.07.15"]
[Round "4.30"]
[White "Suranyi, Pal"]
[Black "Laszlo, Janos"]
[Result "0-1"]
[ECO "D32"]
[WhiteElo "2023"]
[BlackElo "2214"]
[Annotator "ChessBase"]
[PlyCount "130"]
[EventDate "2022.07.15"]
[EventType "swiss"]
[EventCountry "HUN"]
[SourceTitle "playchess.com"]
[Source "ChessBase"]
[SourceQuality "1"]
[TimeControl "900+10"]

1. d4 d5 2. c4 e6 3. Nc3 c5 4. cxd5 exd5 5. Nf3 Nc6 6. Bg5 Be7 7. Bxe7 Ngxe7 8. dxc5 Qa5 9. e3 Qxc5 10. Bd3 O-O 11. O-O h6 12. Rc1 Bg4 13. h3 Be6 14. a3 Rfd8 15. Qa4 Qb6 16. Nb5 a6 17. Nbd4 Bd7 18. Qc2 Rac8 19. Qe2 a5 20. Rfd1 g6 21. Bb1 Kg7 22. Qb5 Qa7 23. Qd3 Qb8 24. Nxc6 Nxc6 25. Qc3+ Kg8 26. Qf6 Be8 27. h4 Qd6 28. Qxd6 Rxd6 29. Nd4 Rcd8 30. Nxc6 Bxc6 31. Rd4 Kf8 32. Ba2 Ke7 33. f3 h5 34. Kf2 Kf6 35. Rc5 a4 36. Ra5 Ke5 37. Rc5 f5 38. g3 Ra8 39. Ke1 Ra6 40. Kd2 Rb6 41. Kc3 Ra6 42. Bb1 b6 43. f4+ Ke6 44. Rxc6 Rxc6+ 45. Kd2 Ra5 46. Bc2 Rc4 47. Rd3 d4 48. Rxd4 Rxd4+ 49. exd4 Kd5 50. Kd3 Ra7 51. Bd1 b5 52. Bf3+ Kd6 53. Be2 Re7 54. Kd2 Rb7 55. Kc3 Re7 56. Kd2 Kc6 57. Bf3+ Kb6 58. Be2 Ka5 59. Bf3 b4 60. d5 bxa3 61. bxa3 Kb5 62. Kd3 Kc5 63. d6 Rd7 64. Kc3 Rxd6 65. Be2 Re6 0-1

[Event "Hungarian Rapid-ch 2022"]
[Site "Ajka"]
[Date "2022.07.16"]
[Round "5.1"]
[White "Balog, Imre"]
[Black "Prohaszka, Peter"]
[Result "1/2-1/2"]
[ECO "D02"]
[WhiteElo "2594"]
[BlackElo "2570"]
[Annotator "ChessBase"]
[PlyCount "204"]
[EventDate "2022.07.15"]
[EventType "swiss"]
[EventCountry "HUN"]
[SourceTitle "playchess.com"]
[Source "ChessBase"]
[SourceQuality "1"]
[TimeControl "900+10"]

1. d4 d5 2. Nf3 Nf6 3. Bf4 c5 4. e3 e6 5. Nbd2 Qb6 6. Rb1 cxd4 7. exd4 Bd7 8. c3 Bb5 9. Bxb8 Bxf1 10. Nxf1 Rxb8 11. Qa4+ Qc6 12. Qxc6+ bxc6 13. Ne3 c5 14. Ke2 cxd4 15. cxd4 Bd6 16. Rhc1 Ke7 17. Ne1 Rhc8 18. Nd3 Nd7 19. g3 f6 20. f4 f5 21. Rxc8 Rxc8 22. Rc1 Rxc1 23. Nxc1 Nf6 24. Nd3 Ne4 25. Nf1 Bc7 26. Nd2 Bb6 27. Nf3 h6 28. Nde5 g5 29. fxg5 hxg5 30. g4 a6 31. h3 Bc7 32. Nc6+ Kd6 33. Nb4 a5 34. Nd3 a4 35. Nf2 Bd8 36. Nd1 Bf6 37. Ne3 f4 38. Nd1 e5 39. dxe5+ Bxe5 40. h4 gxh4 41. Nxh4 Bf6 42. Nf3 Kc5 43. Kd3 Kb4 44. Ne1 Nc5+ 45. Ke2 Kc4 46. Ng2 Nd3 47. b3+ axb3 48. axb3+ Kd4 49. Kf3 Bg5 50. Ke2 Ne5 51. Ne1 Kc5 52. Nf2 Bh6 53. Nfd3+ Nxd3 54. Kxd3 Kb4 55. Kc2 Kc5 56. Nf3 Bg7 57. Ng5 Kd6 58. Kd3 Bf6 59. Nf3 Kc5 60. g5 Bh8 61. Nh4 Kb4 62. Ng6 Bg7 63. Nxf4 Kxb3 64. Nxd5 Bh8 65. Nf6 Kb4 66. Kd4 Kb3 67. Ke4 Kc3 68. Nh5 Kd2 69. Nf4 Ke1 70. Ng6 Bg7 71. Kf5 Kf2 72. Nf4 Kf3 73. Nd3 Ke3 74. Nc5 Bh8 75. Nd7 Kf3 76. Ne5+ Kg3 77. Nf7 Bg7 78. Nd6 Bh8 79. Ne8 Kf3 80. Nc7 Kg3 81. Ne6 Kf3 82. Nf8 Bg7 83. Ng6 Kg3 84. Ne5 Bh8 85. Nf7 Bg7 86. Kg6 Bb2 87. Kf5 Bg7 88. Nh6 Bh8 89. Ng8 Bg7 90. Kg6 Bb2 91. Kf7 Kg4 92. g6 Kg5 93. Ne7 Ba1 94. Nc6 Bc3 95. Nb4 Bh8 96. Nd3 Kf5 97. Nc5 Ba1 98. Nb7 Kg5 99. Nd6 Bh8 100. Ne4+ Kf5 101. Nf6 Bxf6 102. g7 Bxg7 1/2-1/2

[Event "Hungarian Rapid-ch 2022"]
[Site "Ajka"]
[Date "2022.07.16"]
[Round "5.2"]
[White "Korpa, Bence"]
[Black "Hera, Imre Jr."]
[Result "1/2-1/2"]
[ECO "E06"]
[WhiteElo "2537"]
[BlackElo "2568"]
[Annotator "ChessBase"]
[PlyCount "26"]
[EventDate "2022.07.15"]
[EventType "swiss"]
[EventCountry "HUN"]
[SourceTitle "playchess.com"]
[Source "ChessBase"]
[SourceQuality "1"]
[TimeControl "900+10"]

1. d4 Nf6 2. c4 e6 3. g3 d5 4. Bg2 Be7 5. Nf3 O-O 6. O-O dxc4 7. Qc2 a6 8. a4 Bd7 9. Qxc4 Bc6 10. Bf4 Nd5 11. Nc3 Nxf4 12. gxf4 a5 13. Rad1 Bd5 1/2-1/2

[Event "Hungarian Rapid-ch 2022"]
[Site "Ajka"]
[Date "2022.07.16"]
[Round "5.3"]
[White "Berkes, Ferenc"]
[Black "Varga, Zoltan"]
[Result "1-0"]
[ECO "A08"]
[WhiteElo "2649"]
[BlackElo "2401"]
[Annotator "ChessBase"]
[PlyCount "38"]
[EventDate "2022.07.15"]
[EventType "swiss"]
[EventCountry "HUN"]
[SourceTitle "playchess.com"]
[Source "ChessBase"]
[SourceQuality "1"]
[TimeControl "900+10"]

1. Nf3 d5 2. g3 c5 3. Bg2 Nc6 4. d4 e6 5. O-O Qb6 6. e3 Nf6 7. b3 cxd4 8. exd4 Be7 9. c4 O-O 10. Nc3 Qa5 11. Bd2 Qd8 12. Be3 b6 13. Ne5 Bb7 14. Rc1 Rc8 15. cxd5 Nxd5 16. Nxd5 exd5 17. Qg4 Qd6 18. Bf4 Nxe5 19. Bxe5 Qg6 1-0

[Event "Hungarian Rapid-ch 2022"]
[Site "Ajka"]
[Date "2022.07.16"]
[Round "5.4"]
[White "Papp, Levente"]
[Black "Gledura, Benjamin"]
[Result "0-1"]
[ECO "A10"]
[WhiteElo "2394"]
[BlackElo "2637"]
[Annotator "ChessBase"]
[PlyCount "62"]
[EventDate "2022.07.15"]
[EventType "swiss"]
[EventCountry "HUN"]
[SourceTitle "playchess.com"]
[Source "ChessBase"]
[SourceQuality "1"]
[TimeControl "900+10"]

1. c4 d6 2. Nc3 e5 3. g3 f5 4. d4 Be7 5. Bg2 Nf6 6. e3 c6 7. Nge2 O-O 8. O-O e4 9. f3 d5 10. Qb3 Kh8 11. fxe4 dxe4 12. Bd2 Na6 13. Rad1 Qe8 14. a3 Rb8 15. Bc1 b5 16. cxb5 cxb5 17. Qa2 b4 18. axb4 Nxb4 19. Qxa7 Ba6 20. Qc7 Nfd5 21. Qe5 Nxc3 22. Nxc3 Bxf1 23. Bxf1 Bg5 24. Qa5 Nc2 25. Nd5 Qh5 26. Qd2 Nxe3 27. Be2 Nxd5 28. Bxh5 Bxd2 29. Bxd2 Rxb2 30. Kf1 e3 31. Be1 f4 0-1

[Event "Hungarian Rapid-ch 2022"]
[Site "Ajka"]
[Date "2022.07.16"]
[Round "5.5"]
[White "Kozak, Adam"]
[Black "Aczel, Gergely"]
[Result "1-0"]
[ECO "B95"]
[WhiteElo "2522"]
[BlackElo "2499"]
[Annotator "ChessBase"]
[PlyCount "53"]
[EventDate "2022.07.15"]
[EventType "swiss"]
[EventCountry "HUN"]
[SourceTitle "playchess.com"]
[Source "ChessBase"]
[SourceQuality "1"]
[TimeControl "900+10"]

1. e4 c5 2. Nf3 d6 3. d4 cxd4 4. Nxd4 Nf6 5. Nc3 a6 6. Bg5 e6 7. a3 Be7 8. Qd2 Qc7 9. O-O-O h6 10. Be3 Nbd7 11. f3 Rb8 12. g4 b5 13. Be2 Ne5 14. Kb1 Nfd7 15. f4 Nc4 16. Bxc4 Qxc4 17. b3 Qc7 18. f5 Nc5 19. Rhe1 Bd7 20. fxe6 fxe6 21. Nf5 Bf8 22. Nxd6+ Bxd6 23. Qxd6 Qxd6 24. Rxd6 Rc8 25. Red1 O-O 26. b4 Nb3 27. Kb2 1-0

[Event "Hungarian Rapid-ch 2022"]
[Site "Ajka"]
[Date "2022.07.16"]
[Round "5.6"]
[White "Horvath, Adam"]
[Black "Antal, Gergely"]
[Result "1-0"]
[ECO "C07"]
[WhiteElo "2520"]
[BlackElo "2571"]
[Annotator "ChessBase"]
[PlyCount "107"]
[EventDate "2022.07.15"]
[EventType "swiss"]
[EventCountry "HUN"]
[SourceTitle "playchess.com"]
[Source "ChessBase"]
[SourceQuality "1"]
[TimeControl "900+10"]

1. e4 e6 2. d4 d5 3. Nd2 c5 4. exd5 Qxd5 5. dxc5 Bxc5 6. Ngf3 Nf6 7. Bc4 Qc6 8. Qe2 O-O 9. O-O a6 10. Nb3 Bd6 11. Bg5 Nbd7 12. Rad1 Re8 13. Rfe1 Qc7 14. Nbd4 Bf8 15. a4 b6 16. Bh4 Bb7 17. Ba2 Nc5 18. Bg3 Qc8 19. Ne5 Nd5 20. c4 Nf6 21. Bh4 Ncd7 22. Nxd7 Nxd7 23. Bb1 g6 24. h3 Bg7 25. b3 Nc5 26. Qe3 e5 27. Ne2 f5 28. Rd6 Qc7 29. Red1 e4 30. Bg3 Qf7 31. Rxb6 Rac8 32. a5 Nd3 33. Bxd3 exd3 34. Qxd3 g5 35. Bd6 Be4 36. Qd2 f4 37. f3 Bf5 38. Nd4 Bg6 39. c5 h5 40. h4 gxh4 41. Qxf4 Qd5 42. Qxh4 Bf7 43. Rxa6 Rxc5 44. Bxc5 Qxc5 45. Kh1 Qd5 46. Rb6 Rd8 47. Rb5 Qd7 48. Rg5 Re8 49. Qg3 Be6 50. Nxe6 Qxd1+ 51. Kh2 Rxe6 52. Rxg7+ Kf8 53. Rg8+ Ke7 54. Qg7+ 1-0

[Event "Hungarian Rapid-ch 2022"]
[Site "Ajka"]
[Date "2022.07.16"]
[Round "5.7"]
[White "Horvath, Csaba"]
[Black "Kovacs, Klara"]
[Result "1-0"]
[ECO "A06"]
[WhiteElo "2506"]
[BlackElo "2098"]
[Annotator "ChessBase"]
[PlyCount "69"]
[EventDate "2022.07.15"]
[EventType "swiss"]
[EventCountry "HUN"]
[SourceTitle "playchess.com"]
[Source "ChessBase"]
[SourceQuality "1"]
[TimeControl "900+10"]

1. Nf3 d5 2. c4 c6 3. e3 Nf6 4. Qc2 Nbd7 5. Nc3 a6 6. d4 e6 7. b3 Bb4 8. a3 Ba5 9. Bd3 O-O 10. O-O Re8 11. Bb2 Bc7 12. e4 e5 13. cxd5 exd4 14. Nxd4 Ne5 15. f4 Bb6 16. Na4 Nxd3 17. Qxd3 Rxe4 18. Nxb6 Qxb6 19. dxc6 bxc6 20. Kh1 Bg4 21. h3 c5 22. Nf3 Bf5 23. Nh4 c4 24. Qf3 Qe6 25. g4 Bxg4 26. hxg4 Nxg4 27. Rg1 h5 28. f5 Qd5 29. Rg2 Rae8 30. Rf1 R4e5 31. Bxe5 Qxe5 32. Qf4 Qf6 33. Nf3 cxb3 34. Rd2 Re3 35. Qd4 1-0

[Event "Hungarian Rapid-ch 2022"]
[Site "Ajka"]
[Date "2022.07.16"]
[Round "5.8"]
[White "Balint, Vilmos"]
[Black "Kaczur, Florian"]
[Result "1/2-1/2"]
[ECO "B06"]
[WhiteElo "2283"]
[BlackElo "2482"]
[Annotator "ChessBase"]
[PlyCount "102"]
[EventDate "2022.07.15"]
[EventType "swiss"]
[EventCountry "HUN"]
[SourceTitle "playchess.com"]
[Source "ChessBase"]
[SourceQuality "1"]
[TimeControl "900+10"]

1. e4 g6 2. d4 Bg7 3. Nc3 a6 4. a4 d6 5. Bc4 Nc6 6. Be3 e6 7. Nge2 Nge7 8. h4 h6 9. Ba2 d5 10. f3 b6 11. Qd2 Bb7 12. O-O-O Qd7 13. Kb1 O-O-O 14. e5 Na5 15. Qd3 Nec6 16. Nc1 Nb4 17. Qe2 Kb8 18. Bb3 Qe7 19. N3a2 Nxa2 20. Bxa2 c5 21. f4 h5 22. f5 gxf5 23. Bg5 Qe8 24. Bxd8 Qxd8 25. Rh3 cxd4 26. Rg3 Bh6 27. Rxd4 Nc6 28. Rd1 Qxh4 29. Rh3 Qd8 30. Rxh5 Bxc1 31. Rxh8 Qxh8 32. Rxc1 Nxe5 33. Re1 Nd7 34. Qe3 Qh4 35. a5 bxa5 36. g3 Qb4 37. Rh1 d4 38. Rh8+ Ka7 39. Qf2 Nc5 40. Rd8 e5 41. Bxf7 Ne4 42. Qxf5 Nd2+ 43. Kc1 Nb3+ 44. Kb1 Nd2+ 45. Ka1 Qa4+ 46. Ba2 Qc6 47. Bd5 Qa4+ 48. Ba2 Qc6 49. Bd5 Qa4+ 50. Ba2 Qc6 51. Bd5 Qa4+ 1/2-1/2

[Event "Hungarian Rapid-ch 2022"]
[Site "Ajka"]
[Date "2022.07.16"]
[Round "5.9"]
[White "Vertetics, Attila"]
[Black "Laszlo, Janos"]
[Result "1-0"]
[ECO "A05"]
[WhiteElo "2465"]
[BlackElo "2214"]
[Annotator "ChessBase"]
[PlyCount "95"]
[EventDate "2022.07.15"]
[EventType "swiss"]
[EventCountry "HUN"]
[SourceTitle "playchess.com"]
[Source "ChessBase"]
[SourceQuality "1"]
[TimeControl "900+10"]

1. Nf3 Nf6 2. b3 e6 3. Bb2 d5 4. e3 Be7 5. c4 O-O 6. Nc3 c5 7. cxd5 exd5 8. d4 a6 9. Be2 Nc6 10. O-O Bg4 11. dxc5 Bxc5 12. Na4 Ba7 13. Rc1 Ne4 14. Nc3 Nf6 15. Nd4 Bxd4 16. Bxg4 Be5 17. Ba3 Re8 18. Bf3 Qa5 19. Na4 Ne4 20. Bxe4 dxe4 21. Qd7 Qc7 22. Qxc7 Bxc7 23. Nc5 Bd6 24. Nxb7 Bxa3 25. Rxc6 Rec8 26. Rxc8+ Rxc8 27. Rd1 Kf8 28. Rd8+ Rxd8 29. Nxd8 Ke7 30. Nc6+ Kd6 31. Nd4 g6 32. Kf1 Bb2 33. Nc2 Bc3 34. Ke2 Kd5 35. Na3 f5 36. Nc4 g5 37. f3 h5 38. fxe4+ fxe4 39. h3 Bb4 40. g4 hxg4 41. hxg4 Bc3 42. Kd1 Kc5 43. Kc2 Be1 44. a3 a5 45. Nb2 Bf2 46. Kd2 Bg3 47. Nd1 Be5 48. Nc3 1-0

[Event "Hungarian Rapid-ch 2022"]
[Site "Ajka"]
[Date "2022.07.16"]
[Round "5.10"]
[White "Kantor, Gergely"]
[Black "Margl, Roland"]
[Result "1/2-1/2"]
[ECO "D35"]
[WhiteElo "2582"]
[BlackElo "2312"]
[Annotator "ChessBase"]
[PlyCount "124"]
[EventDate "2022.07.15"]
[EventType "swiss"]
[EventCountry "HUN"]
[SourceTitle "playchess.com"]
[Source "ChessBase"]
[SourceQuality "1"]
[TimeControl "900+10"]

1. d4 d5 2. c4 e6 3. Nc3 Nf6 4. cxd5 Nxd5 5. e4 Nxc3 6. bxc3 c5 7. a3 cxd4 8. cxd4 e5 9. d5 Bd6 10. Nf3 O-O 11. Be2 Nd7 12. Be3 a6 13. O-O b5 14. a4 Rb8 15. axb5 axb5 16. Nd2 Bc5 17. Bxc5 Nxc5 18. Qc2 Nb7 19. Bxb5 Nd6 20. Bc6 Rb4 21. Qc3 Rd4 22. f3 Qe7 23. Rf2 f5 24. exf5 Bxf5 25. Re1 Qf6 26. Qe3 Nf7 27. Nf1 Rb8 28. Ng3 Bg6 29. Rd2 Rxd2 30. Qxd2 h6 31. Qc3 Qd6 32. Nf1 Qb4 33. Qxb4 Rxb4 34. Ne3 Rd4 35. Kf2 Kf8 36. Ng4 e4 37. Kg3 Nd6 38. Ne5 Bf5 39. f4 Rd2 40. h4 Ke7 41. h5 Kf6 42. Kh2 Nf7 43. Nc4 Rd4 44. Ne3 Rd2 45. Kg3 Nd6 46. Kh4 Bc8 47. g4 Rf2 48. Rf1 Re2 49. Nd1 Rg2 50. Ne3 Re2 51. Nd1 Rg2 52. f5 Ke5 53. Kh3 Rd2 54. Kg3 Rd3+ 55. Kh4 e3 56. Re1 Kf4 57. Ba4 Bb7 58. Rf1+ Ke5 59. Bc2 Ra3 60. Re1 Kf4 61. Rf1+ Ke5 62. Re1 Kf4 1/2-1/2